 Dungeon Crawl Stone Soup version 0.25.1-8-g42b30a86e7 (webtiles) character file.

Game seed: 7792896666459178846

303 gruber the Chiller (level 6, -6/41 HPs)
             Began as a Demonspawn Ice Elementalist on Dec 20, 2020.
             Killed by nerve-wracking pain
             ... invoked by Grinder
              (8 damage)
             ... on level 4 of the Dungeon.
             The game lasted 00:04:11 (4086 turns).

gruber the Chiller (Demonspawn Ice Elementalist)    Turns: 4086, Time: 00:04:12

Health: -6/41      AC:  6    Str:  8    XL:     6   Next: 15%
Magic:  1/9        EV: 11    Int: 25    God:
Gold:   219        SH:  7    Dex: 13    Spells: 5/9 levels left

rFire    . . .     SeeInvis .   s - +1 dagger (vamp)
rCold    . . .     Gourm    .   q - +2 buckler
rNeg     . . .     Faith    .   y - +0 troll leather armour {Purgy}
rPois    .         Spirit   .   (no helmet)
rElec    .         Reflect  .   (no cloak)
rCorr    .         Harm     .   (no gloves)
MR       .....                  (no boots)
Stlth    ++........             (no amulet)
HPRegen  0.53/turn              u - +6 ring of intelligence
MPRegen  0.11/turn              (no ring)

@: frozen ramparts
A: talons 1, yellow scales 1
a: no special abilities


You were on level 4 of the Dungeon.
You were hungry.

You visited 1 branch of the dungeon, and saw 4 of its levels.
You also visited: Sewer.

You collected 219 gold pieces.

Inventory:

Hand Weapons
 s - a +1 vampiric dagger (weapon)
Armour
 a - a +0 robe
 q - a +2 buckler (worn)
 y - a +0 troll leather armour (worn) {Purgy}
Jewellery
 u - a +6 ring of intelligence (left hand)
Scrolls
 d - 2 scrolls of magic mapping {unknown}
 e - a scroll of random uselessness {unknown}
 f - a scroll of noise {unknown}
 g - 4 scrolls of remove curse {unknown}
 h - 4 scrolls of identify {unknown}
 i - a scroll of enchant weapon {unknown}
 k - 4 scrolls of fog {unknown}
 l - a scroll of fear {unknown}
 o - 2 scrolls of enchant armour {unknown}
 w - a scroll of amnesia {unknown}
 x - a scroll of blinking {unknown}
 z - a scroll of immolation {unknown}
Potions
 b - 4 potions of flight {unknown}
 j - a potion of ambrosia {unknown}
 m - a potion of resistance {unknown}
 n - a potion of degeneration {unknown}
 p - a potion of stabbing {unknown}
 r - 2 potions of heal wounds {unknown}
 t - a potion of curing {unknown}
 v - 2 potions of invisibility {unknown}
Comestibles
 c - 6 rations


   Skills:
 - Level 1.1 Short Blades
 - Level 1.7 Dodging
 - Level 1.7 Stealth
 + Level 3.9 Shields
 - Level 2.0 Spellcasting
 - Level 5.1 Ice Magic


You had 5 spell levels left.
You knew the following spells:

 Your Spells              Type           Power        Failure   Level  Hunger
a - Freeze                Ice            ####         1%          1    None
b - Frozen Ramparts       Ice            ####..       6%          3    ###....

Your spell library contained the following spells:

 Spells                   Type           Power        Failure   Level  Hunger
 Summon Small Mammal      Summ           #...         16%         1    None
 Ozocubu's Armour         Chrm/Ice       ###.....     17%         3    ###....
 Hailstorm                Conj/Ice       ###.....     50%         4    ####...
 Summon Ice Beast         Ice/Summ       ###.....     50%         4    ####...


Dungeon Overview and Level Annotations

Branches:
Dungeon (4/15)              Sewer (visited)
 Temple: D:4-7

Altars:
Kikubaaqudgha
Nemelex Xobeh
Sif Muna
Vehumet

Annotations:
D:4 Grinder


Innate Abilities, Weirdness & Mutations

You have sharp toenails.
You are partially covered in yellow scales. (AC +2)


Message History

Pain shoots through your body!
* * * LOW HITPOINT WARNING * * *
Unknown command.
You closely miss Grinder. You claw Grinder, but do no damage.
Grinder is severely wounded.
The bullfrog skeleton completely resists.
The wall freezes the bullfrog skeleton but do no damage.
The bullfrog skeleton barely misses you.
Unknown command.
Unknown command.
You barely miss Grinder. You claw Grinder.
Grinder is almost dead.
The bullfrog skeleton completely resists.
The wall freezes the bullfrog skeleton but do no damage.
The bullfrog skeleton closely misses you.
Grinder completely resists.
The wall freezes Grinder but do no damage.
Grinder gestures at you. Pain shoots through your body!
You die...

#.# .#
####.####
###.#####
#.......#
#........
#.#####.#
#......# #
#.###......#
#.5.5......#
#.###.#....#
#.#####.#
#......#
#..5@Z..#
########
#########


You could see Grinder and a bullfrog skeleton.

Vanquished Creatures
  Purgy (Sewer)
  A scorpion (D:4)
  A river rat (D:4)
  7 adders
  An adder skeleton (D:4)
  2 worms (D:4)
  2 dart slugs
  2 leopard geckos
  4 orcs (D:3)
  2 ball pythons
  5 giant cockroaches
  6 goblins
  7 hobgoblins
  3 jackals
  A quokka (D:2)
  3 bats
  8 frilled lizards
  5 kobolds
  A quokka skeleton (D:4)
  13 rats
75 creatures vanquished.

Notes
Turn   | Place    | Note
-------+----------+-------------------------------------------
     0 | D:1      | gruber the Demonspawn Ice Elementalist began the quest for
                  | the Orb.
     0 | D:1      | Reached XP level 1. HP: 13/13 MP: 3/3
   155 | D:1      | Reached skill level 4 in Ice Magic
   158 | D:1      | Gained mutation: You have sharp toenails. [demonic
                  | ancestry]
   158 | D:1      | Reached XP level 2. HP: 18/19 MP: 1/5
   864 | D:2      | Reached XP level 3. HP: 24/24 MP: 3/6
   869 | D:2      | Learned a level 3 spell: Frozen Ramparts
   999 | D:2      | Found a shimmering blue altar of Sif Muna.
  1000 | D:2      | Found an ancient bone altar of Kikubaaqudgha.
  1000 | D:2      | Found a radiant altar of Vehumet.
  1039 | D:2      | Identified Sif Muna's Papyrus of Creation
  1197 | D:2      | Reached skill level 5 in Ice Magic
  1197 | D:2      | Reached XP level 4. HP: 15/30 MP: 2/7
  1575 | D:2      | Reached skill level 1 in Short Blades
  2443 | D:3      | Reached skill level 1 in Shields
  3220 | D:4      | Gained mutation: You are partially covered in yellow
                  | scales. (AC +2) [demonic ancestry]
  3220 | D:4      | Reached XP level 5. HP: 32/35 MP: 4/8
  3257 | D:4      | Found a sparkling altar of Nemelex Xobeh.
  3437 | D:4      | Found a glowing drain.
  3508 | Sewer    | Entered a sewer
  3616 | Sewer    | Noticed Purgy
  3623 | Sewer    | Killed Purgy
  3623 | Sewer    | Reached XP level 6. HP: 37/41 MP: 2/9
  4045 | D:4      | Noticed Grinder
  4081 | D:4      | Paralysed by Grinder for 3 turns
  4084 | D:4      | HP: 1/41 [Grinder/nerve-wracking pain (6)]
  4086 | D:4      | Killed from afar by Grinder

Illustrated notes

Levels and vault maps discovered:
D:1:      minmay_arrival_checkered_box, layout_rooms, nrook_mini_backslash
D:2:      layout_loops_corners, grunt_temple_overflow_magic_moments,
          minmay_vboxes
D:3:      layout_loops_corners, st_stairs_10
D:4:      layout_loops_corners, nemelex_xobeh_ov_fountains_minmay,
          portal_sewer_entry_a, uniq_duvessa, uniq_grinder

Skill      XL: |  1  2  3  4  5 |
---------------+----------------+-----
Ice Magic      | 4 5 |  5.1
Short Blades   | 1 |  1.1
Shields        | 2 3 |  3.9
Dodging        | |  1.7
Stealth        | |  1.7
Spellcasting   | |  2.0

Action                   |  1- 3 |  4- 6 || total
-------------------------+-------+-------++-------
Melee: Unarmed           |    10 |       ||    10
       Dagger            |    11 |    73 ||    84
       Short sword       |    25 |    45 ||    70
       Kick              |     6 |    24 ||    30
 Cast: Freeze            |    21 |     4 ||    25
       Frozen Ramparts   |     3 |    12 ||    15
 Stab: Sleeping          |     2 |     8 ||    10
  Eat: Chunk             |     2 |     9 ||    11
Armor: Robe              |    12 |    18 ||    30
       Troll leather arm |       |     6 ||     6
Dodge: Dodged            |    34 |    70 ||   104
Block: Buckler           |       |    19 ||    19
